 Dungeon Crawl Stone Soup version 0.22-a0-858-g985ef60 (webtiles) character file.

119065 Dietz the Unseen (level 16, -19/96 HPs)
             Began as a Vampire Enchanter on July 27, 2018.
             Was the Champion of Dithmenos.
             Shot with a bolt by a naga sharpshooter (30 damage)
             ... on level 3 of the Snake Pit on July 28, 2018.
             The game lasted 03:12:12 (31364 turns).

Dietz the Unseen (Vampire Enchanter)               Turns: 31364, Time: 03:12:12

Health: -19/96     AC:  9    Str: 14    XL:     16   Next: 26%
Magic:  31/43      EV: 22    Int: 24    God:    Dithmenos [******]
Gold:   2795       SH:  0    Dex: 21    Spells: 19/42 levels left

rFire    . . .     SeeInvis +   e - +9 quick blade (pierce)
rCold    . . .     Gourm    .   (no shield)
rNeg     + . .     Faith    .   E - +1 robe of the Evening Star {rCorr Str+2}
rPois    .         Spirit   .   R - +3 hat of Pondering {ponderous, MR+ MP+10 Int+5}
rElec    .         Reflect  .   d - scarf {repulsion}
rCorr    +         Harm     .   y - +0 pair of gloves
MR       ++...                  t - +1 pair of boots {run}
Stlth    ++++++++++             U - amulet of regeneration
HPRegen  0.66/turn              T - +3 ring of dexterity
MPRegen  0.28/turn              L - +5 ring of strength

@: wreathed by umbra, repel missiles
A: antennae 1, fangs 3, see invisible, blink, dopey 1, unbreathing
a: Bat Form, Blink, Shadow Step, Shadow Form, Renounce Religion


You were on level 3 of the Snake Pit.
You worshipped Dithmenos.
Dithmenos was exalted by your worship.
You were not thirsty.

You visited 6 branches of the dungeon, and saw 26 of its levels.
You also visited: Labyrinth and Ice Cave.

You collected 2907 gold pieces.
You spent 112 gold pieces at shops.

Inventory:

Hand Weapons
 e - a +9 quick blade of piercing (weapon)
 J - the +8 whip "Snakebite" {curare, rPois}
   (You found it on level 1 of the Lair of Beasts)

   It poisons the flesh of those it strikes.
   It protects you from poison.
 K - a +6 dagger of venom
 N - a +0 blowgun
Missiles
 c - 747 stones (quivered)
 p - 6 needles of frenzy
 D - 8 curare-tipped needles
Armour
 d - a scarf of repulsion (worn)
 h - a +2 cloak
 s - a +0 shield of reflection
 t - a +1 pair of boots of running (worn)
 y - a +0 pair of gloves (worn)
 z - a +2 robe of magic resistance
 E - the +1 robe of the Evening Star (worn) {rCorr Str+2}
   (You found it on level 12 of the Dungeon)

   It affects your strength (+2).
   It provides partial protection from all sources of acid and corrosion.
 R - the +3 hat of Pondering (worn) {ponderous, MR+ MP+10 Int+5}
   (You took it off Gastronok on level 2 of the Lair of Beasts)

   It affects your intelligence (+5).
   It affects your resistance to hostile enchantments.
   It affects your magic capacity (+10).
 S - a +2 robe of the Archmagi
 W - a +2 robe of fire resistance
Magical Staves
 Q - an uncursed staff of death
Jewellery
 j - an uncursed ring of protection from cold
 L - a +5 ring of strength (right hand)
 T - a +3 ring of dexterity (left hand)
 U - an amulet of regeneration (around neck)
Wands
 a - a wand of paralysis (18)
 v - a wand of digging (11)
 A - a wand of scattershot (12)
 G - a wand of polymorph (66)
 P - a wand of iceblast (28)
 V - a wand of enslavement (32)
 Y - a wand of disintegration (12)
Scrolls
 l - 12 scrolls of teleportation
 n - 13 scrolls of remove curse
 x - 3 scrolls of magic mapping
 C - a scroll of silence
 F - 2 scrolls of fog
 O - a scroll of vulnerability
 X - a scroll of identify
Potions
 b - 24 potions of blood
 f - 2 potions of lignification
 g - 9 potions of mutation
 i - 3 potions of haste
 k - 10 potions of curing
 m - 4 potions of heal wounds
 o - 7 potions of might
 q - a potion of cancellation
 r - 2 potions of brilliance
 u - a potion of agility
 w - 2 potions of invisibility
 B - 2 potions of ambrosia
 H - 2 potions of magic
 I - 2 potions of resistance
 M - 3 potions of flight
Miscellaneous
 Z - a box of beasts


   Skills:
 * Level 14.1 Short Blades
 - Level 11.0 Dodging
 + Level 19.0 Stealth
 + Level 13.8 Spellcasting
 + Level 18.7 Hexes
 * Level 6.2 Necromancy


You had 19 spell levels left.
You knew the following spells:

 Your Spells              Type           Power        Failure   Level  Hunger
a - Corona                Hex            #######      0%          1    None
b - Ensorcelled Hibernat  Hex/Ice        ######       1%          2    None
c - Confuse               Hex            #######.     0%          3    None
d - Tukima's Dance        Hex            #######.     0%          3    None
e - Dazzling Spray        Conj/Hex       ######       1%          3    None
f - Animate Skeleton      Necr           N/A          1%          1    None
g - Apportation           Tloc           ###...       3%          1    None
h - Animate Dead          Necr           N/A          2%          4    None
i - Borgnjor's Vile Clut  Necr/Erth      ####......   28%         5    ###....

Your spell library contained the following spells:

 Spells                   Type           Power        Failure   Level  Hunger
 Summon Small Mammal      Summ           ###.         3%          1    None
 Recall                   Summ/Tloc      N/A          11%         3    None
 Death Channel            Necr           #####.....   38%         6    #####..
 Confusing Touch          Hex            ######       0%          1    None
 Simulacrum               Ice/Necr       ####......   83%         6    #####..


Dungeon Overview and Level Annotations

Branches:
Dungeon (13/15)            Temple (1/1) D:4            Lair (6/6) D:8
  Swamp (1/4) Lair:4        Snake (3/4) Lair:3        Slime (0/5) Lair:5
    Orc (2/2) D:10            Elf (0/3) Orc:2
 Vaults: D:13-14

Altars:
Ashenzari
Cheibriados
Dithmenos
Elyvilon
Fedhas
Gozag
Hepliaklqana
Kikubaaqudgha
Makhleb
Nemelex Xobeh
Okawaru
Qazlal
Ru
Sif Muna
Trog
Uskayaw
Vehumet
Wu Jian
Xom
Yredelemnul
Zin
The Shining One
Beogh
Jiyva

Shops:
D:6 (   D:7 (   D:10 ?   Orc:1 ?   Orc:2 ((%%

Annotations:
Lair:4 exclusion: obsidian statue
Lair:6 exclusion: 3 oklob plants
Snake:2 3 runed doors, Soawkar's ghost, adept GrFi


Innate Abilities, Weirdness & Mutations

You have razor-sharp teeth.
You have supernaturally acute eyesight. (SInv)
You can survive without breathing.
You have a pair of small antennae on your head.
You can translocate small distances at will.
You are dopey. (Int -2)


Message History

The naga constricts you.
Okay, then.
Press: ? - help, v - describe, . - travel, g - get item
Here: a naga sharpshooter, wielding an arbalest and wearing a robe (black smoke, umbra)
A bolt.
The floor.
You feel much better.
The naga sharpshooter shoots a bolt.
The bolt completely misses you. The naga hits you with a dire flail!
* * * LOW HITPOINT WARNING * * *
The naga constricts you.
You escape the naga's grasp.
You blink.
Yummy - fresh blood!
You are feeling very thirsty.
The naga spits poison at you. The splash of poison misses you.
Yummy - fresh blood!
The naga sharpshooter casts a spell.
The naga sharpshooter magically shoots a bolt.
The bolt hits you!!
You die...

###..(.........## #..>....
#..............# #.......
##.......######.## ##......
#.........# ###.## #......
#.........# #.###.####......
##.......###..###....##.....
#..§§.§###....##..####.....
##.§§§###.....#.#...####.##
#.§§###..@....##....# ##.#
##§§###N.....###....# ###.
#§§§#§§§.....##....###.##
#§§#§N§§..........###...#
#..##§§§§§§.........##.....
#.## ####§§#######....#.....
# #..# ##.#....... #.#.#
####.....# ####.# ####..#


You could see a naga sharpshooter and a naga.

Vanquished Creatures
  Gastronok (Lair:2)
  Donald (Snake:1)
  3 nagarajas
  Aizul (Snake:1)
  A stone giant (Orc:1)
  A minotaur (Lab)
  An ettin (Orc:1)
  Snorg (Lair:3)
  5 hydras
  3 naga warriors
  A catoblepas (Lair:6)
  Erica (D:8)
  4 anacondas
  5 two-headed ogres
  9 death yaks
  A death knight (D:11)
  Urug (Lair:3)
  5 shock serpents
  3 orc high priests (Orc:2)
  2 naga sharpshooters
  4 naga ritualists
  An unseen horror (D:12)
  Pikel (D:5)
  5 orc knights (Orc:2)
  6 mana vipers
  4 orc sorcerers (Orc:2)
  A cyclops (D:11)
  An oklob plant (Lair:6)
  2 wolf spiders (Lair:6)
  2 manticores (D:13)
  6 salamanders
  A guardian serpent (Lair:6)
  8 elephants
  3 centaur zombies
  A centaur skeleton (D:9)
  6 naga magi
  28 black mambas
  Joseph (D:10)
  17 spiny frogs
  2 kobold demonologists (D:6)
  5 komodo dragons
  6 rime drakes
  A freezing wraith (D:12)
  5 trolls
  3 hornets
  A tyrant leech (Swamp:1)
  18 polar bears
  16 blink frogs
  2 raiju (Lair:6)
  10 hippogriffs
  6 slime creatures
  3 redbacks
  A centaur simulacrum (D:13)
  A spriggan (D:7)
  A shadow (D:9)
  2 wraiths
  11 wyverns
  A vampire (D:9)
  46 yaks
  4 hungry ghosts
  7 vampire mosquitoes (D:12)
  4 basilisks
  19 nagas
  6 wargs (Lair:6)
  13 hell hounds (Lair:6)
  34 water moccasins
  19 orc warriors
  A swamp drake (Swamp:1)
  4 sky beasts
  14 black bears
  15 porcupines
  3 ice beasts
  2 eyes of draining
  A phantom (D:9)
  23 wolves
  6 ogres
  A necrophage (D:8)
  2 centaurs
  15 crocodiles
  A big kobold (D:13)
  16 bullfrogs
  2 scorpions
  5 killer bees
  9 wights
  9 electric eels
  6 howler monkeys
  A bullfrog zombie (D:10)
  6 crimson imps
  2 hounds
  2 quasits
  A bullfrog skeleton (D:11)
  23 orc priests
  2 jellies
  23 orc wizards
  Jessica (D:2)
  Natasha (thrice) (D:2)
  7 worker ants
  A bullfrog simulacrum (D:13)
  2 hound skeletons (D:5)
  A howler monkey zombie (D:6)
  A howler monkey skeleton (D:6)
  A worker ant zombie (D:7)
  4 gnolls (D:2)
  22 adders
  5 shadow imps
  2 white imps (D:13)
  An ufetubus (D:13)
  An adder skeleton (D:9)
  A worm (D:5)
  10 dart slugs
  7 leopard geckos
  87 orcs
  A ball python (D:1)
  9 giant cockroaches
  14 goblins
  8 hobgoblins
  21 jackals
  24 kobolds
  5 quokkas
  9 bats
  7 frilled lizards
  A jackal skeleton (D:7)
  A leopard gecko skeleton (D:5)
  2 quokka skeletons
  2 quokka zombies
  12 rats
  2 butterflies (D:8)
865 creatures vanquished.

Vanquished Creatures (collateral kills)
  Louise (Snake:2)
  A mana viper (Snake:1)
  2 slime creatures (D:13)
  An acid dragon (D:13)
  A meliai simulacrum (D:13)
  A shadow imp (D:13)
  2 orcs
9 creatures vanquished.

Vanquished Creatures (others)
  A bullfrog (D:6)
  An orc priest (Orc:2)
  A worker ant (D:6)
  A kobold (D:13)
  15 fungi (Lair:6)
  56 plants (Lair:6)
75 creatures vanquished.

Grand Total: 949 creatures vanquished

Notes
Turn   | Place    | Note
-------+----------+-------------------------------------------
     0 | D:1      | Dietz the Vampire Enchanter began the quest for the Orb.
     0 | D:1      | Reached XP level 1. HP: 13/13 MP: 3/3
    71 | D:1      | Reached skill level 5 in Stealth
    91 | D:1      | Reached XP level 2. HP: 19/19 MP: 5/5
    95 | D:1      | Learned a level 2 spell: Ensorcelled Hibernation
   509 | D:1      | Reached skill level 6 in Stealth
   847 | D:2      | Reached XP level 3. HP: 24/24 MP: 6/6
  1219 | D:2      | Noticed Jessica
  1219 | D:2      | Noticed Natasha
  1296 | D:2      | Killed Jessica
  1296 | D:2      | Reached skill level 7 in Stealth
  1296 | D:2      | Reached XP level 4. HP: 30/30 MP: 0/7
  1366 | D:2      | Killed Natasha
  1366 | D:2      | Reached skill level 8 in Stealth
  1392 | D:2      | Learned a level 3 spell: Confuse
  1399 | D:2      | Found an iron altar of Okawaru.
  1801 | D:2      | Noticed Natasha
  1807 | D:2      | Killed Natasha
  2023 | D:2      | Reached skill level 9 in Stealth
  2023 | D:2      | Reached XP level 5. HP: 25/35 MP: 5/8
  2481 | D:2      | Gained mutation: You are dopey. (Int -2) [potion of mutation]
  2481 | D:2      | Gained mutation: You have a pair of small antennae on your head. [potion of mutation]
  2481 | D:2      | Gained mutation: You can translocate small distances at will. [potion of mutation]
  3090 | D:2      | Noticed Natasha
  3095 | D:2      | Killed Natasha
  3095 | D:2      | Reached skill level 10 in Stealth
  3341 | D:3      | Found a sparkling altar of Nemelex Xobeh.
  3435 | D:3      | Found a shadowy altar of Dithmenos.
  3450 | D:3      | Became a worshipper of Dithmenos the Shadowed
  3841 | D:3      | Reached XP level 6. HP: 41/41 MP: 9/9
  4164 | D:4      | Reached skill level 11 in Stealth
  4278 | D:4      | Reached * piety under Dithmenos
  4637 | D:4      | Found a staircase to the Ecumenical Temple.
  4674 | Temple   | Entered the Ecumenical Temple
  5389 | D:5      | Entered Level 5 of the Dungeon
  6341 | D:5      | Reached XP level 7. HP: 44/46 MP: 4/10
  7198 | D:6      | Found Jinang's Weapon Emporium.
  7200 | D:6      | Found a transporter.
  7200 | D:6      | Noticed a kobold demonologist
  7238 | D:6      | Found a transporter.
  7280 | D:6      | Reached skill level 5 in Hexes
  7293 | D:6      | Noticed Pikel
  7309 | D:6      | Paralysed by Pikel for 2 turns
  7343 | D:6      | Paralysed by Pikel for 5 turns
  7977 | D:5      | Killed Pikel
  7977 | D:5      | Reached XP level 8. HP: 40/52 MP: 4/14
  7995 | D:5      | Learned a level 3 spell: Tukima's Dance
  7999 | D:5      | Learned a level 3 spell: Dazzling Spray
  8181 | D:6      | Noticed a kobold demonologist
  8418 | D:6      | Reached skill level 5 in Short Blades
  8674 | D:6      | Killed a kobold demonologist
  8674 | D:6      | Reached skill level 5 in Spellcasting
  8687 | D:6      | Killed a kobold demonologist
  8687 | D:6      | Reached XP level 9. HP: 57/57 MP: 2/17
  8744 | D:7      | Found Cyluozeh's Weapon Boutique.
  8937 | D:7      | Reached ** piety under Dithmenos
  9142 | D:7      | Noticed a two-headed ogre
  9149 | D:7      | Killed a two-headed ogre
  9149 | D:7      | Reached skill level 10 in Hexes
  9735 | D:8      | Noticed an elephant
  9736 | D:8      | Found a staircase to the Lair.
  9748 | D:8      | Killed an elephant
  9748 | D:8      | Reached XP level 10. HP: 63/63 MP: 10/21
  9893 | D:8      | Noticed Erica
  9899 | D:8      | Killed Erica
  9948 | D:8      | Reached *** piety under Dithmenos
  9962 | D:8      | Noticed a two-headed ogre
 10513 | D:8      | Noticed a two-headed ogre
 10516 | D:8      | Killed a two-headed ogre
 10736 | D:8      | Found a runed door.
 10749 | D:8      | Found a runed door.
 11072 | D:9      | Reached XP level 11. HP: 52/68 MP: 3/24
 11141 | D:9      | Found a roughly hewn altar of Beogh.
 11156 | D:9      | Reached **** piety under Dithmenos
 11673 | D:10     | Entered Level 10 of the Dungeon
 11696 | D:10     | Found Jodd's Magic Scroll Boutique.
 12005 | D:10     | Found a staircase to the Orcish Mines.
 12244 | D:10     | Noticed Joseph
 12264 | D:9      | Identified 2 scrolls of acquirement
 12532 | D:10     | Reached ***** piety under Dithmenos
 12537 | D:10     | Reached skill level 10 in Spellcasting
 12830 | D:10     | Found a roughly hewn altar of Beogh.
 12916 | D:10     | Killed Joseph
 12991 | D:10     | Found a sacrificial altar of Ru.
 13239 | D:11     | Noticed a two-headed ogre
 13268 | D:11     | Reached skill level 10 in Short Blades
 13273 | D:11     | Killed a two-headed ogre
 13516 | D:11     | Noticed a two-headed ogre
 13524 | D:11     | Killed a two-headed ogre
 13787 | D:11     | Noticed a death knight
 13791 | D:11     | Killed a death knight
 13834 | D:11     | Reached XP level 12. HP: 74/74 MP: 26/26
 14236 | D:8      | Killed a two-headed ogre
 14244 | Lair:1   | Entered Level 1 of the Lair of Beasts
 14255 | Lair:1   | Reached skill level 15 in Hexes
 14416 | Lair:1   | Noticed an eight-headed hydra
 14448 | Lair:1   | Killed an eight-headed hydra
 14479 | Lair:1   | Noticed a four-headed hydra
 14505 | Lair:1   | Killed a four-headed hydra
 14576 | Lair:1   | Found the +8 whip "Snakebite" {curare, rPois}
 14728 | Lair:1   | Found a shimmering altar of Xom.
 15499 | Lair:2   | Noticed Gastronok
 15507 | Lair:2   | Killed Gastronok
 15902 | Lair:2   | Reached ****** piety under Dithmenos
 16253 | Lair:3   | Noticed a death yak
 16258 | Lair:3   | Noticed a death yak
 16258 | Lair:3   | Noticed a death yak
 16258 | Lair:3   | Noticed a death yak
 16259 | Lair:3   | Killed a death yak
 16262 | Lair:3   | Killed a death yak
 16262 | Lair:3   | Reached XP level 13. HP: 79/79 MP: 29/29
 16264 | Lair:3   | Reached skill level 5 in Dodging
 16287 | Lair:3   | Noticed Urug
 16295 | Lair:3   | Killed Urug
 16409 | Lair:3   | Found a staircase to the Snake Pit.
 16590 | Lair:3   | Noticed Snorg
 16596 | Lair:3   | Killed Snorg
 16900 | Lair:4   | Found a frozen archway.
 16943 | IceCv    | Entered an ice cave
 17610 | IceCv    | Noticed a frost giant
 18082 | Lair:4   | Reached skill level 10 in Dodging
 18512 | Lair:4   | Found a staircase to the Swamp.
 18670 | Lair:4   | Reached skill level 12 in Stealth
 18876 | Lair:5   | Found a labyrinth entrance.
 18913 | Lab      | Entered a labyrinth
 18978 | Lab      | Noticed a minotaur
 18999 | Lab      | Killed a minotaur
 19047 | Lab      | Identified a +1 pair of boots of running (You found it in a labyrinth)
 19978 | Lair:5   | Found a viscous altar of Jiyva.
 19978 | Lair:5   | Found a staircase to the Slime Pits.
 20146 | Lair:6   | Entered Level 6 of the Lair of Beasts
 20224 | Lair:6   | Reached XP level 14. HP: 85/85 MP: 30/30
 20405 | Lair:6   | Reached skill level 13 in Stealth
 21073 | Lair:6   | Reached skill level 14 in Stealth
 22424 | Lair:6   | Reached skill level 15 in Stealth
 23654 | Lair:4   | Learned a level 1 spell: Animate Skeleton
 23656 | Lair:4   | Learned a level 1 spell: Apportation
 23661 | Lair:4   | Learned a level 4 spell: Animate Dead
 24109 | D:12     | Learned a level 5 spell: Borgnjor's Vile Clutch
 24111 | D:12     | Got a crude robe
 24223 | D:10     | Bought a scroll of identify for 28 gold pieces
 24223 | D:10     | Bought a scroll of identify for 28 gold pieces
 24223 | D:10     | Bought a scroll of identify for 28 gold pieces
 24223 | D:10     | Bought a scroll of identify for 28 gold pieces
 24235 | D:10     | Identified the +1 robe of the Evening Star {rCorr Str+2} (You found it on level 12 of the Dungeon)
 24529 | D:12     | Found a sparkling altar of Nemelex Xobeh.
 24542 | D:12     | Reached skill level 1 in Necromancy
 25137 | D:13     | Reached XP level 15. HP: 86/90 MP: 29/32
 25188 | D:13     | Reached skill level 16 in Stealth
 25418 | Orc:1    | Entered Level 1 of the Orcish Mines
 25447 | Orc:1    | Found Ruigoq's Magic Scroll Shop.
 25662 | Orc:2    | Entered Level 2 of the Orcish Mines
 25679 | Orc:2    | Found a staircase to the Elven Halls.
 26817 | Orc:1    | Found a roughly hewn altar of Beogh.
 26998 | Orc:2    | Found Xusaj's Food Shop.
 27372 | Orc:2    | Found Tyeg's Weapon Shop.
 27416 | Orc:2    | Found Caafeseu's Food Emporium.
 27423 | Orc:2    | Found Kiuqikk's Weapon Emporium.
 28005 | Swamp:1  | Entered Level 1 of the Swamp
 28111 | Swamp:1  | HP: 4/90 [spriggan rider/spear (26)]
 28400 | Snake:1  | Entered Level 1 of the Snake Pit
 28419 | Snake:1  | Noticed Aizul
 28435 | Snake:1  | Noticed Donald
 28450 | Snake:1  | Killed Donald
 28450 | Snake:1  | Reached skill level 17 in Stealth
 28563 | Snake:1  | Noticed a nagaraja
 28573 | Snake:1  | Killed Aizul
 28639 | Snake:1  | Killed a nagaraja
 29124 | Snake:2  | Found a runed gate.
 29124 | Snake:2  | Found a runed gate.
 29124 | Snake:2  | Found a runed gate.
 29125 | Snake:2  | Noticed Soawkar's ghost (adept GrFi)
 29132 | Snake:2  | Reached skill level 18 in Stealth
 29135 | Snake:2  | Reached skill level 5 in Necromancy
 29359 | Snake:2  | Noticed a nagaraja
 29392 | Snake:2  | Killed a nagaraja
 29718 | Snake:2  | Reached XP level 16. HP: 96/96 MP: 33/33
 30034 | Snake:2  | Noticed Louise
 30053 | Snake:2  | Killed Louise
 31041 | Snake:3  | Reached skill level 19 in Stealth
 31364 | Snake:3  | Shot with a bolt by a naga sharpshooter

Vault maps used:
D:1:      elethiomel_arrival_quiet
D:2:      grunt_ministairs_13, kennysheep_okawaru_gauntlet, uniq_jessica,
          uniq_natasha
D:3:      lemuel_round_altar, nemelex_xobeh_ov_fountains_minmay
D:4:      kennysheep_slugbush, minmay_temple_entry_junction, first_ration
D:5:      nicolae_zen_rock_garden
D:6:      gammafunk_wand_slinger, serial_shops, shop, kennysheep_generic_room_9,
          uniq_pikel
D:7:      corexii_shack_village, serial_shops, nicolae_shop_statue_plus,
          the_bakery, serial_park_tiny_2
D:8:      lemuel_insect_pit, david_lair_generic, minmay_crystal_water,
          uniq_erica
D:10:     minmay_orc_entry_temple_small, serial_shops, shop,
          nicolae_ru_sacrificial_ziggurat, uniq_joseph
D:12:     nemelex_diamond_rough_becter
D:13:     serial_ice, serial_ice_l, serial_ice_d, serial_ice_n, serial_ice_o,
          serial_ice_m, serial_ice_c, serial_ice_h
Temple:   kilobyte_greek_temple
Lair:1:   minmay_guarded_unrand_snakebite, basic_altar, beast_lair_carwin_3,
          serial_bayou_shore_a, infiniplex_staircase_pool_2
Lair:2:   lemuel_fruit_fields, grunt_megastairs_1, uniq_gastronok
Lair:3:   guppyfry_snake_entry_garden, uniq_snorg, uniq_urug
Lair:4:   statuecave_lemuel, swamp_mist_pool, portal_ice_cave_rime
Lair:5:   slime_altar_1, lab_entry_generic, cheibrodos_lair_reptile_den
Lair:6:   hangedman_lair_tendril_chambers, hangedman_lair_caniforms_friends,
          minmay_lair_drake_nest, minmay_lair_oklob_chamber
Swamp:1:  nicolae_swamp_very_dense_foliage
Snake:1:  uniq_aizul, uniq_donald
Snake:2:  gammafunk_ghost_necromancy, uniq_louise
Orc:1:    basic_altar, serial_shops, shop
Orc:2:    st_orc_elflike
Lab:      labyrinth_mini_lab, lab_fountain, nicolae_lab_big_swirl, lab_block,
          nicolae_lab_dead_end, nicolae_lab_grate
IceCv:    ice_cave_small_giant

Skill      XL: |  1  2  3  4  5  6  7  8  9 10 11 12 13 14 15 16 |
---------------+-------------------------------------------------+-----
Stealth        | 5 6 7 9 10 11 12 15 18 19 | 19.0
Short Blades   | 4 5 7 9 10 11 13 14 | 14.1
Hexes          | 6 8 11 12 14 16 17 18 | 18.7
Spellcasting   | 4 5 7 9 10 12 13 | 13.8
Dodging        | 4 10 11 | 11.0
Necromancy     | 1 5 6 |  6.2

Action                   |  1- 3 |  4- 6 |  7- 9 | 10-12 | 13-15 | 16-18 || total
-------------------------+-------+-------+-------+-------+-------+-------++-------
Melee: Dagger            |    96 |   261 |   114 |   350 |   561 |       ||  1382
       Bite              |     9 |    15 |     7 |    22 |    70 |     3 ||   126
       Quick blade       |       |       |       |       |   254 |    33 ||   287
 Fire: Blowgun           |       |       |       |       |     8 |       ||     8
Throw: Stone             |       |       |       |     1 |     1 |       ||     2
 Cast: Ensorcelled Hiber |    10 |    53 |    46 |   158 |   382 |    19 ||   668
       Corona            |     1 |       |       |       |       |       ||     1
       Confuse           |       |    11 |    14 |    30 |    83 |     1 ||   139
       Dazzling Spray    |       |       |       |       |    44 |       ||    44
       Animate Dead      |       |       |       |       |     4 |       ||     4
       Animate Skeleton  |       |       |       |       |       |     2 ||     2
       Tukima's Dance    |       |       |       |       |       |     1 ||     1
 Abil: Blink             |       |       |       |     1 |     7 |     1 ||     9
       End Transformatio |       |       |       |       |     5 |     1 ||     6
       Bat Form          |       |       |       |       |     5 |     1 ||     6
Evoke: Wand              |       |       |     1 |     3 |     4 |       ||     8
  Use: Potion            |     1 |     5 |     5 |     3 |    13 |     3 ||    30
       Scroll            |       |     2 |     1 |    21 |    18 |     2 ||    44
 Stab: Sleeping          |    15 |    68 |    48 |   142 |   302 |    29 ||   604
       Confused          |       |       |     4 |    18 |    46 |       ||    68
       Distracted        |       |       |     1 |     1 |    14 |     1 ||    17
       Invisible         |       |       |       |       |     7 |       ||     7
       Petrified         |       |       |       |       |     1 |       ||     1
  Eat: Corpse            |       |    10 |     1 |     4 |     2 |       ||    17
Armor: Robe              |    10 |    36 |    23 |    49 |    98 |     3 ||   219
       Skin              |       |       |       |       |     3 |       ||     3
Dodge: Dodged            |    55 |   184 |    69 |   147 |   738 |    16 ||  1209
       Deflected         |       |       |       |       |       |     5 ||     5

Table legend:
 A = Spawn XP
 B = Non-spawn XP
 C = Spawn XP percentage of total XP
 D = Spawn monster count
 E = Non-spawn monster count
 F = Spawn count percentage of total count
 G = Total turns spent on level
                    A         B        C        D         E        F      G
               +---------+---------+-------+---------+---------+-------+---------
         Total |       0 |  170093 |   0.0 |       0 |     872 |   0.0 | 31364
               +---------+---------+-------+---------+---------+-------+---------
           D:1 |       0 |      38 |   0.0 |       0 |      24 |   0.0 |  1206
           D:2 |       0 |     301 |   0.0 |       0 |      42 |   0.0 |  2117
           D:3 |       0 |      41 |   0.0 |       0 |      16 |   0.0 |  1241
           D:4 |       0 |     335 |   0.0 |       0 |      37 |   0.0 |  1354
           D:5 |       0 |     865 |   0.0 |       0 |      10 |   0.0 |  1518
           D:6 |       0 |    1440 |   0.0 |       0 |      17 |   0.0 |   935
           D:7 |       0 |    1951 |   0.0 |       0 |      31 |   0.0 |  1190
           D:8 |       0 |    5549 |   0.0 |       0 |      43 |   0.0 |  1366
           D:9 |       0 |    3022 |   0.0 |       0 |      53 |   0.0 |  1392
          D:10 |       0 |    4390 |   0.0 |       0 |      48 |   0.0 |  1080
          D:11 |       0 |    5311 |   0.0 |       0 |      16 |   0.0 |  1210
          D:12 |       0 |    6297 |   0.0 |       0 |      39 |   0.0 |   820
          D:13 |       0 |    4850 |   0.0 |       0 |      35 |   0.0 |   235
        Lair:1 |       0 |    7614 |   0.0 |       0 |      34 |   0.0 |  1079
        Lair:2 |       0 |    6081 |   0.0 |       0 |      20 |   0.0 |   857
        Lair:3 |       0 |   10042 |   0.0 |       0 |      22 |   0.0 |   713
        Lair:4 |       0 |    8397 |   0.0 |       0 |      31 |   0.0 |  1835
        Lair:5 |       0 |    5705 |   0.0 |       0 |      26 |   0.0 |  1181
        Lair:6 |       0 |   31828 |   0.0 |       0 |     130 |   0.0 |  3118
       Swamp:1 |       0 |     808 |   0.0 |       0 |       3 |   0.0 |   156
       Snake:1 |       0 |   17459 |   0.0 |       0 |      30 |   0.0 |   711
       Snake:2 |       0 |   15832 |   0.0 |       0 |      30 |   0.0 |  1517
       Snake:3 |       0 |   11430 |   0.0 |       0 |      18 |   0.0 |   723
         Orc:1 |       0 |    4180 |   0.0 |       0 |      25 |   0.0 |   716
         Orc:2 |       0 |   11053 |   0.0 |       0 |      71 |   0.0 |  1650
           Lab |       0 |    1767 |   0.0 |       0 |       4 |   0.0 |   143
         IceCv |       0 |    3507 |   0.0 |       0 |      17 |   0.0 |   930
               +---------+---------+-------+---------+---------+-------+---------
